 Dungeon Crawl Stone Soup version 0.19.0-20-gbc5f0c6 (webtiles) character file.

6267 Charly the Severer (level 10, 22/77 HPs)
             Began as a Minotaur Fighter on Nov 16, 2016.
             Was a High Priest of Okawaru.
             Quit the game on level 9 of the Dungeon.
             The game lasted 00:10:51 (6900 turns).

Charly the Severer (Minotaur Fighter)               Turns: 6900, Time: 00:10:51

Health: 22/77      AC: 11    Str: 22      XL:     10   Next: 62%
Magic:  9/9        EV:  7    Int:  8      God:    Okawaru [*****.]
Gold:   158        SH:  9    Dex: 11 (12) Spells: 0 memorised, 9 levels left

rFire  . . .     SeeInvis .     C - -2 hand axe (curse)
rCold  . . .     Gourm    .     b - +1 scale mail
rNeg   + . .     Faith    .     c - +0 shield
rPois  +         Spirit   .     G - +1 hat {Int+3}
rElec  .         Reflect  .     q - +0 cloak
rCorr  .         Harm     .     (no gloves)
MR     .....                    t - +0 pair of boots
Stlth  ..........               (no amulet)
                                A - ring of poison resistance
                                x - ring of positive energy

@: quite poisoned (22 -> 10), slowed, very slow
A: retaliatory headbutt, horns 2
a: Heroism, Finesse, Renounce Religion


You were on level 9 of the Dungeon.
You worshipped Okawaru.
Okawaru was extremely pleased with you.
You were near starving.

You visited 2 branches of the dungeon, and saw 10 of its levels.

You collected 438 gold pieces.
You spent 280 gold pieces at shops.

Inventory:

Hand Weapons
 a - a +1 war axe
 C - a cursed -2 hand axe (weapon)
Armour
 b - a +1 scale mail (worn)
 c - a +0 shield (worn)
 q - a +0 cloak (worn)
 t - a +0 pair of boots (worn)
 v - the +1 ring mail of Uthukk {+Fly rElec Str-5 SInv}
   (You found it on level 6 of the Dungeon)

   It affects your strength (-5).
   It insulates you from electricity.
   It lets you see invisible.
   It lets you fly.
 G - a +1 hat of intelligence (worn)
Jewellery
 x - a ring of positive energy (left hand)
 y - an uncursed ring of flight
 A - a ring of poison resistance (right hand)
Wands
 n - a wand of polymorph (14/24)
 u - a wand of paralysis (11/24)
Scrolls
 i - a scroll of enchant weapon
 k - a scroll of fog
 l - a scroll of enchant armour
 m - a scroll of fear
 p - 2 scrolls of teleportation
 B - a scroll of identify
 D - a scroll of blinking
Potions
 d - 2 potions of might
 e - a potion of resistance
 g - 2 potions of heal wounds {unknown}
 h - 4 potions of cure mutation {unknown}
 j - a potion of curing {unknown}
 o - a potion of mutation {unknown}
 s - a potion of flight {unknown}
 w - a potion of lignification {unknown}
 z - 2 potions of degeneration {unknown}
Comestibles
 f - 6 bread rations
 r - 2 meat rations
 E - 2 beef jerkies
 F - 7 slices of pizza
 H - a fruit


   Skills:
 - Level 3.6 Fighting
 + Level 17.8 Axes
 - Level 3.6 Armour
 - Level 3.6 Shields


You had 9 spell levels left.
You didn't know any spells.

Dungeon Overview and Level Annotations

Branches:
Dungeon (9/15)             Temple (1/1) D:4            Lair (0/6) D:8
    Orc: D:9-12

Altars:
Ashenzari
Cheibriados
Dithmenos
Elyvilon
Fedhas
Gozag
Kikubaaqudgha
Nemelex Xobeh
Okawaru
Qazlal
Ru
Trog
Vehumet
Yredelemnul
Zin
The Shining One

Shops:
D:4 *

Annotations:
D:5 1 exclusion


Innate Abilities, Weirdness & Mutations

You reflexively headbutt those who attack you in melee.
You have a pair of horns on your head.


Message History

* * * LOW HITPOINT WARNING * * *
The big kobold hits you but does no damage.
You are too injured to fight recklessly!
Unknown command.
You are too injured to fight recklessly!
Unknown command.
You are too injured to fight recklessly!
Unknown command.
You are too injured to fight recklessly!
Unknown command.
You are too injured to fight recklessly!
Unknown command.
You are too injured to fight recklessly!
You are too injured to fight recklessly!
Unknown command.
Are you sure you want to abandon this character and quit the game? (Confirm with "yes".)
Okay, then.
You are a level 10 Minotaur Fighter.
You are 62% of the way to level 11.
Play time: 00:10:49 (6900 turns) Are you sure you want to abandon this character and quit the game? (Confirm with "yes".)

#...#
#...###
#.....
#....
#...#
#...#
#.?.#
#<@K#
#5yh#
#...#
#.....
.......
#..#..(#..
........ .
..........


You could see a hog, a hornet, a big kobold and a crimson imp.

Vanquished Creatures
  Gastronok (D:8)
  Psyche (D:8)
  Prince Ribbit (D:7)
  A hippogriff (D:8)
  A wyvern (D:8)
  A human (D:8)
  3 hogs
  A yak (D:8)
  A hungry ghost (D:7)
  Menkaure (D:7)
  A water moccasin (D:4)
  4 ogres
  An orc warrior (D:8)
  A sky beast (D:8)
  3 centaurs
  A crocodile (D:8)
  A big kobold (D:8)
  3 bullfrogs
  3 scorpions
  A water moccasin skeleton (D:5)
  A howler monkey (D:5)
  6 wights
  2 crimson imps
  3 bullfrog skeletons
  A centaur zombie (D:8)
  6 hounds
  4 orc priests
  2 quasits (D:8)
  Crazy Yiuf (D:4)
  A jelly (D:6)
  2 iguanas
  5 worker ants
  9 orc wizards
  2 hound skeletons
  3 gnolls (D:4)
  9 adders
  A river rat (D:8)
  A shadow imp (D:8)
  2 oozes
  A worm (D:5)
  2 dart slugs (D:1)
  4 leopard geckos
  20 orcs
  3 ball pythons
  3 giant cockroaches
  3 goblins
  2 hobgoblins
  A quokka (D:5)
  4 bats (D:8)
  4 frilled lizards
  A jackal zombie (D:7)
  13 kobolds
  A quokka skeleton (D:4)
  4 rats
  A fungus (D:8)
  2 plants (D:8)
161 creatures vanquished.

Vanquished Creatures (others)
  A fungus (D:8)
1 creature vanquished.

Grand Total: 162 creatures vanquished

Notes
Turn   | Place    | Note
-------+----------+-------------------------------------------
     0 | D:1      | Charly the Minotaur Fighter began the quest for the Orb.
     0 | D:1      | Reached XP level 1. HP: 19/19 MP: 0/0
    11 | D:1      | Reached skill level 3 in Axes
   102 | D:2      | Reached XP level 2. HP: 26/26 MP: 1/1
   214 | D:2      | Reached skill level 4 in Axes
   249 | D:3      | Found a glowing golden altar of the Shining One.
   253 | D:3      | Reached XP level 3. HP: 29/31 MP: 2/2
   265 | D:3      | Reached skill level 5 in Axes
   277 | D:3      | Reached XP level 4. HP: 23/39 MP: 3/3
   453 | D:4      | Noticed an ogre
   460 | D:4      | Killed an ogre
   460 | D:4      | Reached skill level 6 in Axes
   460 | D:4      | Reached XP level 5. HP: 27/45 MP: 4/4
   464 | D:4      | Reached skill level 7 in Axes
   851 | D:4      | Found Oxyus's Serpentskin Sales.
   852 | D:4      | Noticed a water moccasin
   861 | D:4      | Killed a water moccasin
   861 | D:4      | Reached skill level 8 in Axes
   861 | D:4      | Reached XP level 6. HP: 43/51 MP: 5/5
  1372 | D:4      | Reached skill level 9 in Axes
  1708 | D:4      | Found a runed door.
  1850 | D:4      | Found a staircase to the Ecumenical Temple.
  1855 | Temple   | Entered the Ecumenical Temple
  1864 | Temple   | Became a worshipper of Warmaster Okawaru
  1949 | D:4      | Reached XP level 7. HP: 57/57 MP: 6/6
  2109 | D:4      | Found a blossoming altar of Fedhas.
  2109 | D:4      | You fall through a shaft for 3 floors!
  2113 | D:7      | Reached skill level 10 in Axes
  2219 | D:7      | Reached * piety under Okawaru
  2255 | D:7      | Found a sacrificial altar of Ru.
  2288 | D:7      | Noticed Menkaure
  2295 | D:7      | Reached skill level 11 in Axes
  2310 | D:7      | Reached XP level 8. HP: 47/64 MP: 7/7
  2571 | D:7      | Reached skill level 12 in Axes
  3061 | D:5      | Entered Level 5 of the Dungeon
  3381 | D:4      | Noticed Crazy Yiuf
  3386 | D:4      | Killed Crazy Yiuf
  3489 | D:5      | Noticed a moth of wrath
  3546 | D:5      | Reached skill level 13 in Axes
  3563 | D:5      | Reached ** piety under Okawaru
  3794 | D:6      | Found an opulent altar of Gozag.
  3865 | D:6      | Got a slimy ring mail
  3876 | D:6      | Identified the +1 ring mail of Uthukk {+Fly rElec Str-5 SInv} (You found it on level 6 of the Dungeon)
  3932 | D:6      | Reached XP level 9. HP: 66/70 MP: 8/8
  4318 | D:7      | Found an opulent altar of Gozag.
  4319 | D:7      | Found a glowing silver altar of Zin.
  4364 | D:7      | Noticed Prince Ribbit
  4388 | D:7      | Killed Prince Ribbit
  4388 | D:7      | Reached skill level 14 in Axes
  4782 | D:7      | Killed Menkaure
  4918 | D:4      | Bought an uncursed ring of poison resistance for 280 gold pieces
  5228 | D:8      | Found a basalt altar of Yredelemnul.
  5278 | D:8      | Reached *** piety under Okawaru
  5278 | D:8      | Reached skill level 15 in Axes
  5574 | D:8      | Found a staircase to the Lair.
  5984 | D:8      | Found a white marble altar of Elyvilon.
  6045 | D:8      | Reached skill level 16 in Axes
  6053 | D:8      | Reached **** piety under Okawaru
  6068 | D:8      | Reached XP level 10. HP: 58/77 MP: 9/9
  6449 | D:8      | Noticed Gastronok
  6492 | D:8      | Killed Gastronok
  6492 | D:8      | Reached ***** piety under Okawaru
  6492 | D:8      | Reached skill level 17 in Axes
  6733 | D:8      | Noticed Psyche
  6748 | D:8      | Killed Psyche
  6787 | D:8      | Found a shadowy altar of Dithmenos.
  6900 | D:9      | Quit the game

Skill      XL: |  1  2  3  4  5  6  7  8  9 10 |
---------------+-------------------------------+-----
Axes           | 3 4 5 6 8 9 11 13 16 17 | 17.8
Fighting       | |  3.6
Armour         | |  3.6
Shields        | |  3.6

Action                   |  1- 3 |  4- 6 |  7- 9 | 10-12 || total
-------------------------+-------+-------+-------+-------++-------
Melee: War axe           |    42 |    78 |   208 |       ||   328
       Headbutt          |     8 |    19 |    86 |    27 ||   140
       Hand axe          |       |       |   153 |   132 ||   285
Invok: Heroism           |       |       |     2 |     3 ||     5
  Use: Scroll            |       |     4 |     8 |       ||    12
  Eat: Chunk             |       |     2 |     5 |     1 ||     8
       Bread ration      |       |       |     1 |       ||     1
       Fruit             |       |       |     7 |       ||     7
Armor: Scale mail        |    12 |    22 |   100 |    60 ||   194
Dodge: Dodged            |    10 |    15 |    75 |    27 ||   127
Block: Shield            |    18 |    27 |   130 |    76 ||   251
